 Dungeon Crawl Stone Soup version 0.29.0-15-g675c0067aa (webtiles) character file.

Game seed: 7496364131626884910

39163 qw the Warrior (level 13, -2/132 HPs)
             Began as a Minotaur Berserker on Sept 12, 2022.
             Was an Elder of Trog.
             Slain by an eight-headed hydra (6 damage)
             ... on level 4 of the Lair of Beasts.
             The game lasted 00:05:18 (15443 turns).

qw the Warrior (Minotaur Berserker)                Turns: 15443, Time: 00:05:18

Health: -2/132     AC: 17    Str: 35    XL:     13   Next: 67%
Magic:  12/12      EV: 11    Int:  4    God:    Trog [****..]
Gold:   333        SH:  0    Dex: 11    Spells: 12/12 levels left

rFire   . . .      SeeInvis .   Y - +0 war axe
rCold   + + .      Faith    .   (no shield)
rNeg    . . .      Spirit   .   o - +0 plate armour
rPois   .          Reflect  .   g - +2 hat
rElec   +          Harm     .   e - +0 cloak
rCorr   .          Rampage  .   i - +1 pair of gloves of Refuge {rElec Str+3}
Will    .....                   (no boots)
Stlth   ..........              (no amulet)
HPRegen 1.12/turn               a - ring of protection from cold
MPRegen 0.13/turn               p - +6 ring of strength

@: about to teleport
A: horns 2, retaliatory headbutt, hooves 1, cold resistance 1, deformed body,
regeneration 1
a: Renounce Religion, Berserk, Trog's Hand, Brothers in Arms


You were on level 4 of the Lair of Beasts.
You worshipped Trog.
Trog was greatly pleased with you.
You visited 2 branches of the dungeon, and saw 13 of its levels.
You also visited: Ossuary.

You collected 801 gold pieces.
You spent 468 gold pieces at shops.


Innate Abilities, Weirdness & Mutations

You have a pair of horns on your head.
You reflexively headbutt those who attack you in melee.
You have large cloven feet.
Your flesh is cold resistant. (rC+)
Armour fits poorly on your strangely shaped body.
Your natural rate of healing is unusually fast.


   Skills:
 - Level 17.0 Fighting
 - Level 16.1 Axes
 + Level 14.6 Armour
 - Level 8.1 Dodging


You had 12 spell levels left.
You didn't know any spells.
Your spell library was empty.

Inventory:

Hand Weapons
 j - a +0 morningstar
 Y - a +0 war axe (weapon)
Armour
 b - the +0 cloak of Ekkecsob {Harm rPois rC- SInv}
   (You acquired it on level 2 of the Dungeon)

   rC:        It makes you vulnerable to cold.
   rPois:     It protects you from poison.
   SInv:      It lets you see invisible.
   Harm:      It increases damage dealt and taken.
 e - a +0 cloak (worn)
 g - a +2 hat (worn)
 i - the +1 pair of gloves of Refuge (worn) {rElec Str+3}
   (You acquired it in an ossuary)

   Str:       It affects your strength (+3).
   rElec:     It insulates you from electricity.
 o - a +0 plate armour (worn)
Jewellery
 a - a ring of protection from cold (left hand)
 p - a +6 ring of strength (right hand)
Scrolls
 k - 6 scrolls of identify
 n - 5 scrolls of teleportation
Potions
 c - 2 potions of haste
 d - 2 potions of heal wounds
 f - 10 potions of curing
 l - 2 potions of might

Dungeon Overview and Level Annotations

Branches:
Dungeon (8/15)             Temple (0/1) D:6            Lair (5/5) D:8
  Swamp (0/4) Lair:2       Spider (0/4) Lair:3        Slime (0/5) Lair:4
Ossuary (visited)

Altars:

Shops:
D:3 (   D:8 =

Annotations:
D:5 3 runed translucent doors, qw's ghost, weakling GrDe
Lair:4 2 transporters, qw's ghost, journeyman TrCA


Message History

The eight-headed hydra barely misses you.
The eight-headed hydra bites you but does no damage.
The eight-headed hydra closely misses you.
The eight-headed hydra bites you! The cane toad barely misses you.
You furiously retaliate!
You headbutt the cane toad!
15440 ||| INVOKING Brothers in Arms.
You fail to use your ability.
The cane toad barely misses you.
The eight-headed hydra barely misses you.
You furiously retaliate!
You headbutt the eight-headed hydra! The eight-headed hydra bites you!
The eight-headed hydra closely misses you.
The eight-headed hydra bites you. The eight-headed hydra bites you!
The eight-headed hydra bites you.
The eight-headed hydra barely misses you. x2
15441 ||| INVOKING Brothers in Arms.
You fail to use your ability.
The cane toad barely misses you. The eight-headed hydra bites you!
The eight-headed hydra bites you but does no damage.
The eight-headed hydra bites you.
The eight-headed hydra barely misses you.
The eight-headed hydra misses you.
The eight-headed hydra bites you but does no damage. x3
15442 ||| READING 6 scrolls of teleportation.
As you read the scroll of teleportation, it crumbles to dust.
You feel strangely unstable. The cane toad completely misses you.
The eight-headed hydra bites you but does no damage. x2
The eight-headed hydra bites you. x2
The eight-headed hydra closely misses you. x2
The eight-headed hydra bites you. The eight-headed hydra bites you!
15443 ||| DRINKING 3 potions of heal wounds.
You feel much better. The cane toad stings you.
The eight-headed hydra bites you.
The eight-headed hydra barely misses you.
The eight-headed hydra bites you but does no damage.
The eight-headed hydra bites you!
The eight-headed hydra bites you but does no damage.
The eight-headed hydra bites you.
The eight-headed hydra bites you but does no damage.
The eight-headed hydra bites you.
You die...

.......## ##.....(...##...#
........# #..........###.##
........# ##.............## ##
..[....### #..........#..P###.
.........# #..................
........#######........#...###.PP
....P.#...........P#..##..#.#####
.....##.......(D>...#......##
....##..........@..#...#...#
.....##........%.F.##.#..<.#
.....##............##.#....#
....P##.~~~~~~~~...##..#..##
.....##.~~~~~~~~....#.##..##
....###.~~~~~~~~..#.#.##..P#
....##..~~~~~~~~......##..##
....##..~~~~~~~~....#.##...#
...####.~~~~~~~~......P#..##


You could see an eight-headed hydra and a cane toad.

Vanquished Creatures
  Snorg (Lair:4)
  Josephine (Lair:3)
  3 hydras
  11 death yaks
  Sonja (Lair:4)
  A bog body (Lair:2)
  A lindwurm (Lair:3)
  Pikel (D:5)
  12 elephants
  3 black mambas (Lair:1)
  12 cane toads
  5 rime drakes
  8 komodo dragons
  2 polar bears
  2 hornets
  Prince Ribbit (D:6)
  18 blink frogs
  4 wyverns
  Sigmund (D:2)
  8 wraiths
  Eustachio (D:5)
  13 yaks
  2 basilisks
  A steam dragon (D:7)
  Menkaure (D:5)
  14 water moccasins
  Duvessa (D:5)
  An orc warrior (D:7)
  A sky beast (D:6)
  2 ice beasts
  2 black bears
  9 wolves
  2 ogres (D:6)
  2 centaurs
  3 lemures (D:5)
  Blork the orc (D:5)
  2 kobold brigands
  14 bullfrogs
  4 necrophages
  2 scorpions
  6 wights
  Dowan (D:5)
  An electric eel (Lair:3)
  A centaur zombie (D:6)
  A bullfrog zombie (D:6)
  Crazy Yiuf (D:2)
  2 jellies
  5 hounds
  5 orc priests
  A water moccasin simulacrum (D:6)
  Ijyb (D:5)
  4 iguanas
  3 orc wizards
  A bullfrog simulacrum (D:6)
  11 gnolls
  17 adders
  A shadow imp (D:8)
  2 white imps
  3 ufetubi
  An adder zombie (Ossuary)
  3 worms
  3 dart slugs
  11 orcs
  10 endoplasms
  4 giant cockroaches (D:1)
  6 goblins
  2 hobgoblins
  4 jackals (D:1)
  A quokka (D:1)
  2 ball pythons
  A ball python skeleton (Ossuary)
  8 bats
  4 frilled lizards
  2 hobgoblin skeletons (Ossuary)
  14 kobolds
  2 kobold zombies (Ossuary)
  2 orc skeletons (Ossuary)
  An orc zombie (Ossuary)
  8 rats
330 creatures vanquished.

Vanquished Creatures (collateral kills)
  A hydra (Lair:5)
  A catoblepas (Lair:5)
2 creatures vanquished.

Vanquished Creatures (others)
  An orc (D:7)
  27 fungi
  35 plants
  10 withered plants (D:6)
73 creatures vanquished.

Grand Total: 405 creatures vanquished

Notes
Turn   | Place    | Note
-------+----------+-------------------------------------------
     0 | D:1      | qw the Minotaur Berserker began the quest for the Orb.
     0 | D:1      | Reached XP level 1. HP: 19/19 MP: 0/0
     0 | D:1      | 0 ||| qw: Version: 0.1-a-119-g272c26d
     0 | D:1      | 0 ||| qw: Game counter: 10979
     0 | D:1      | 0 ||| qw: Always use a shield: true
     0 | D:1      | 0 ||| qw: Do Orc after D:15 true
     0 | D:1      | 0 ||| qw: Do second Lair branch before Depths: true
     0 | D:1      | 0 ||| qw: Lair rune preference: random
     0 | D:1      | 0 ||| qw: Plans: Normal
     0 | D:1      | 0 ||| PLANNING D:1-11
    76 | D:1      | 76 ||| Stepping ~*~*~tactically~*~*~ (stealth).
    82 | D:1      | 82 ||| Stepping ~*~*~tactically~*~*~ (stealth).
   383 | D:1      | Reached XP level 2. HP: 26/26 MP: 1/1
   459 | D:1      | 459 ||| Stepping ~*~*~tactically~*~*~ (stealth).
   705 | D:1      | 705 ||| Stepping ~*~*~tactically~*~*~ (stealth).
   709 | D:1      | 709 ||| Stepping ~*~*~tactically~*~*~ (stealth).
   746 | D:1      | Found a faded altar of an unknown god.
   983 | D:1      | 983 ||| UPGRADING to +0 leather armour.
   993 | D:1      | 993 ||| DROPPING +0 animal skin.
   994 | D:1      | 994 ||| READING scroll labelled QUJUHI XIFORITS.
   995 | D:1      | 995 ||| READING 3 scrolls labelled PORIOWN PECUST.
   996 | D:1      | 996 ||| READING 3 scrolls labelled MUYMINGUA.
   997 | D:1      | 997 ||| DRINKING 2 smoky pink potions.
  1037 | D:1      | 1037 ||| READING 2 scrolls of identify.
  1037 | D:1      | 1037 ||| IDENTIFYING glowing clear potion
  1038 | D:1      | 1038 ||| DROPPING 2 scrolls of noise.
  1039 | D:1      | 1039 ||| DROPPING potion of lignification.
  1087 | D:2      | Reached XP level 3. HP: 31/31 MP: 2/2
  1131 | D:2      | 1131 ||| INVOKING Berserk.
  1132 | D:2      | 1132 ||| INVOKING Berserk.
  1285 | D:2      | Reached ** piety under Trog
  1671 | D:2      | Noticed Sigmund
  1672 | D:2      | 1672 ||| Stepping ~*~*~tactically~*~*~ (hiding).
  1677 | D:2      | 1677 ||| INVOKING Berserk.
  1681 | D:2      | Killed Sigmund
  1682 | D:2      | Reached XP level 4. HP: 39/39 MP: 3/3
  1682 | D:2      | Reached XP level 5. HP: 45/45 MP: 4/4
  1870 | D:2      | Found a runed translucent door.
  1871 | D:2      | Noticed Crazy Yiuf
  2150 | D:2      | Reached skill level 4 in Fighting
  2338 | D:2      | 2338 ||| UPGRADING to +0 ring mail.
  2348 | D:2      | 2348 ||| DROPPING +0 leather armour.
  2349 | D:2      | 2349 ||| READING scroll labelled FOAFIO BUAVA.
  2349 | D:2      | Identified a scroll of acquirement
  2349 | D:2      | 2349 ||| ACQUIRING +0 cloak of Ekkecsob {Harm rPois rC-
                  | SInv}
  2349 | D:2      | Acquired the +0 cloak of Ekkecsob {Harm rPois rC- SInv}
  2351 | D:2      | 2351 ||| READING scroll labelled VIBBOELLIH.
  2352 | D:2      | 2352 ||| READING scroll labelled GOEKEG NAEBRAC.
  2353 | D:2      | 2353 ||| READING 2 scrolls labelled ROSIUF UNASA.
  2354 | D:2      | 2354 ||| READING scroll labelled BATITAA VIENK.
  2355 | D:2      | 2355 ||| DRINKING 3 smoky sapphire potions.
  2356 | D:2      | 2356 ||| DRINKING 2 red potions.
  2357 | D:2      | 2357 ||| DROPPING potion of magic.
  2358 | D:2      | 2358 ||| DROPPING scroll of poison.
  2359 | D:2      | 2359 ||| Stepping randomly (stuck).
  2360 | D:2      | 2360 ||| INVOKING Berserk.
  2363 | D:2      | Killed Crazy Yiuf
  2473 | D:2      | 2473 ||| DROPPING +0 club.
  2474 | D:2      | 2474 ||| UPGRADING to +0 cloak.
  2543 | D:3      | Found Emocukox's Weapon Boutique.
  2760 | D:3      | 2760 ||| DROPPING +0 hammer.
  2893 | D:3      | Reached XP level 6. HP: 51/52 MP: 5/5
  3284 | D:3      | 3284 ||| INVOKING Berserk.
  3614 | D:3      | 3614 ||| UPGRADING to +0 chain mail.
  3624 | D:3      | 3624 ||| DROPPING +0 ring mail.
  3625 | D:3      | 3625 ||| DROPPING amulet of magic regeneration.
  3626 | D:3      | 3626 ||| READING scroll labelled YHOSAARGHIRIR.
  3627 | D:3      | 3627 ||| DRINKING 2 yellow potions.
  3628 | D:3      | 3628 ||| DRINKING 2 purple potions.
  3628 | D:3      | Gained mutation: Your spells are a little harder to cast,
                  | but a little more powerful. [potion of mutation]
  3628 | D:3      | Gained mutation: You have hidden genetic defects. [potion
                  | of mutation]
  3628 | D:3      | Gained mutation: You have large cloven feet. [potion of
                  | mutation]
  3669 | D:4      | 3669 ||| STAIRDANCE
  3762 | D:4      | Reached skill level 9 in Axes
  3766 | D:4      | Gained mutation: Armour fits poorly on your strangely
                  | shaped body. [hidden defects]
  3785 | D:4      | 3785 ||| DRINKING potion of mutation.
  3785 | D:4      | Lost mutation: Your spells are a little harder to cast, but
                  | a little more powerful. [potion of mutation]
  3785 | D:4      | Lost mutation: You have hidden genetic defects. [potion of
                  | mutation]
  3785 | D:4      | Gained mutation: Your natural rate of healing is unusually
                  | fast. [potion of mutation]
  3785 | D:4      | Gained mutation: Your flesh is cold resistant. (rC+)
                  | [potion of mutation]
  3836 | D:4      | 3836 ||| INVOKING Berserk.
  3840 | D:4      | Reached skill level 3 in Armour
  3854 | D:4      | 3854 ||| FLEEEEING.
  3855 | D:4      | 3855 ||| FLEEEEING.
  3856 | D:4      | 3856 ||| FLEEEEING.
  3857 | D:4      | 3857 ||| FLEEEEING.
  3858 | D:4      | 3858 ||| STAIRDANCE
  3967 | D:4      | 3967 ||| STAIRDANCE
  3977 | D:4      | 3977 ||| STAIRDANCE
  3983 | D:4      | 3983 ||| INVOKING Berserk.
  3987 | D:4      | Reached XP level 7. HP: 60/60 MP: 6/6
  3991 | D:4      | Reached *** piety under Trog
  4030 | D:4      | 4030 ||| FLEEEEING.
  4031 | D:4      | 4031 ||| FLEEEEING.
  4032 | D:4      | 4032 ||| FLEEEEING.
  4033 | D:4      | 4033 ||| FLEEEEING.
  4034 | D:4      | 4034 ||| STAIRDANCE
  4198 | D:4      | 4198 ||| INVOKING Berserk.
  4201 | D:4      | Reached skill level 5 in Fighting
  4341 | D:4      | 4341 ||| Stepping ~*~*~tactically~*~*~ (stealth).
  4342 | D:4      | 4342 ||| Stepping ~*~*~tactically~*~*~ (stealth).
  4422 | D:4      | Noticed a wyvern
  4585 | D:4      | 4585 ||| UPGRADING to +1 hat.
  4590 | D:4      | 4590 ||| UPGRADING to ring of protection from cold.
  4591 | D:4      | 4591 ||| READING scroll labelled WON XUYPUHEDECA.
  4592 | D:4      | 4592 ||| READING 3 scrolls of identify.
  4592 | D:4      | 4592 ||| IDENTIFYING glowing coppery potion
  4593 | D:4      | 4593 ||| DROPPING potion of brilliance.
  4605 | D:5      | Entered Level 5 of the Dungeon
  4674 | D:5      | Noticed Blork the orc
  4675 | D:5      | 4675 ||| Stepping ~*~*~tactically~*~*~ (stealth).
  4683 | D:5      | Noticed Menkaure
  4687 | D:5      | 4687 ||| INVOKING Berserk.
  4689 | D:5      | Killed Blork the orc
  4692 | D:5      | Killed Menkaure
  4921 | D:5      | 4921 ||| READING scroll of enchant weapon.
  4921 | D:5      | 4921 ||| ENCHANTING +1 hand axe.
  4928 | D:5      | 4928 ||| Stepping ~*~*~tactically~*~*~ (hiding).
  4943 | D:5      | Reached skill level 6 in Fighting
  4955 | D:5      | Noticed Eustachio
  4957 | D:5      | 4957 ||| INVOKING Berserk.
  4986 | D:5      | Killed Eustachio
  4987 | D:5      | Reached XP level 8. HP: 70/70 MP: 7/7
  5197 | D:5      | Noticed Ijyb
  5201 | D:5      | Noticed Pikel
  5202 | D:5      | 5202 ||| INVOKING Berserk.
  5207 | D:5      | Killed Ijyb
  5216 | D:5      | Killed Pikel
  5217 | D:5      | Reached skill level 12 in Axes
  5365 | D:5      | 5365 ||| Stepping ~*~*~tactically~*~*~ (hiding).
  5381 | D:5      | 5381 ||| Stepping ~*~*~tactically~*~*~ (stealth).
  5440 | D:5      | 5440 ||| Stepping ~*~*~tactically~*~*~ (hiding).
  5442 | D:5      | 5442 ||| INVOKING Berserk.
  5576 | D:5      | Noticed qw's ghost (weakling GrDe)
  5583 | D:5      | Found a runed translucent gate.
  5585 | D:5      | Found a runed translucent gate.
  5586 | D:5      | Found a runed translucent gate.
  5753 | D:5      | Noticed Duvessa
  5753 | D:5      | Noticed Dowan
  5755 | D:5      | 5755 ||| INVOKING Berserk.
  5758 | D:5      | Killed Duvessa
  5759 | D:5      | Reached skill level 7 in Fighting
  5760 | D:5      | Killed Dowan
  5761 | D:5      | Reached XP level 9. HP: 79/79 MP: 8/8
  6008 | D:5      | 6008 ||| READING scroll labelled SUFOYBIFEB.
  6009 | D:5      | 6009 ||| READING scroll labelled UKKUAWKAODGH.
  6010 | D:5      | 6010 ||| READING 2 scrolls labelled CUTO BICAUT.
  6047 | D:5      | 6047 ||| READING 2 scrolls of identify.
  6047 | D:5      | 6047 ||| IDENTIFYING orange potion
  6048 | D:5      | 6048 ||| DROPPING potion of berserk rage.
  6068 | D:6      | 6068 ||| PLANNING OSSUARY
  6086 | D:6      | 6086 ||| Stepping ~*~*~tactically~*~*~ (hiding).
  6087 | D:6      | 6087 ||| Stepping ~*~*~tactically~*~*~ (hiding).
  6104 | D:6      | 6104 ||| Stepping ~*~*~tactically~*~*~ (stealth).
  6177 | D:6      | Found a sand-covered staircase.
  6178 | D:6      | 6178 ||| READING 2 scrolls of identify.
  6178 | D:6      | 6178 ||| IDENTIFYING amethyst potion
  6179 | D:6      | 6179 ||| DROPPING potion of attraction.
  6182 | D:6      | 6182 ||| Stepping ~*~*~tactically~*~*~ (stealth).
  6183 | D:6      | 6183 ||| Stepping ~*~*~tactically~*~*~ (stealth).
  6197 | Ossuary  | Entered an ossuary
  6313 | Ossuary  | 6313 ||| READING scroll of acquirement.
  6313 | Ossuary  | 6313 ||| ACQUIRING +1 pair of gloves of Refuge {rElec
                  | Str+3}
  6313 | Ossuary  | Acquired the +1 pair of gloves of Refuge {rElec Str+3}
  6315 | Ossuary  | 6315 ||| UPGRADING to +1 pair of gloves of Refuge {rElec
                  | Str+3}.
  6515 | Ossuary  | Reached skill level 3 in Dodging
  6543 | Ossuary  | Reached **** piety under Trog
  6546 | Ossuary  | 6546 ||| SWAPPING to +0 war axe.
  6547 | Ossuary  | 6547 ||| DROPPING +2 hand axe.
  6548 | Ossuary  | 6548 ||| READING 2 scrolls of identify.
  6548 | Ossuary  | 6548 ||| IDENTIFYING silvery potion
  6549 | Ossuary  | 6549 ||| DROPPING potion of flight.
  6598 | D:6      | 6598 ||| PLANNING D:1-11
  6604 | D:6      | 6604 ||| INVOKING Berserk.
  6609 | D:6      | Noticed Prince Ribbit
  6617 | D:6      | Reached skill level 8 in Fighting
  6653 | D:6      | 6653 ||| INVOKING Berserk.
  6656 | D:6      | Killed Prince Ribbit
  7145 | D:6      | Found a staircase to the Ecumenical Temple.
  7350 | D:6      | Found the +4 dagger "Morg" {pain, Will+ Int+5}
  7713 | D:7      | Reached skill level 6 in Armour
  7904 | D:7      | 7904 ||| Stepping ~*~*~tactically~*~*~ (hiding).
  7905 | D:7      | 7905 ||| Stepping ~*~*~tactically~*~*~ (hiding).
  8027 | D:7      | Reached XP level 10. HP: 82/88 MP: 9/9
  8070 | D:7      | 8070 ||| Stepping ~*~*~tactically~*~*~ (hiding).
  8100 | D:7      | 8100 ||| Stepping ~*~*~tactically~*~*~ (hiding).
  8102 | D:7      | 8102 ||| INVOKING Berserk.
  8135 | D:7      | 8135 ||| Stepping ~*~*~tactically~*~*~ (stealth).
  8137 | D:7      | 8137 ||| Stepping ~*~*~tactically~*~*~ (stealth).
  8139 | D:7      | 8139 ||| Stepping ~*~*~tactically~*~*~ (stealth).
  8140 | D:7      | 8140 ||| Stepping ~*~*~tactically~*~*~ (stealth).
  8157 | D:7      | 8157 ||| Stepping ~*~*~tactically~*~*~ (stealth).
  8206 | D:7      | 8206 ||| INVOKING Berserk.
  8350 | D:7      | 8350 ||| Stepping ~*~*~tactically~*~*~ (stealth).
  8403 | D:7      | 8403 ||| UPGRADING to +0 plate armour.
  8413 | D:7      | 8413 ||| DROPPING +0 chain mail.
  8414 | D:7      | 8414 ||| DRINKING 2 glowing pink potions.
  8491 | D:8      | 8491 ||| Stepping ~*~*~tactically~*~*~ (hiding).
  8623 | D:8      | 8623 ||| INVOKING Berserk.
  8751 | D:8      | Found Xerhurul's Jewellery Shop.
  8809 | D:8      | 8809 ||| BUYING +6 ring of strength (468 gold).
  8809 | D:8      | Bought a +6 ring of strength for 468 gold pieces
  8809 | D:8      | 8809 ||| SHOPLISTING amulet of guardian spirit (390 gold,
                  | have 8).
  8809 | D:8      | 8809 ||| SHOPLISTING amulet of regeneration (390 gold, have
                  | 8).
  8809 | D:8      | 8809 ||| SHOPLISTING ring "Gauzxequidgh" {rF++ rC- MP+9
                  | Int+6 Dex+4} (1050 gold, have 8).
  9028 | D:8      | 9028 ||| Stepping ~*~*~tactically~*~*~ (stealth).
  9037 | D:8      | Reached skill level 15 in Axes
  9078 | D:8      | 9078 ||| Stepping ~*~*~tactically~*~*~ (stealth).
  9080 | D:8      | 9080 ||| Stepping ~*~*~tactically~*~*~ (stealth).
  9096 | D:8      | Found a staircase to the Lair.
  9135 | D:8      | Paralysed by a hornet for 3 turns
  9140 | D:8      | 9140 ||| INVOKING Berserk.
  9279 | D:8      | 9279 ||| INVOKING Berserk.
  9427 | D:8      | Reached skill level 9 in Fighting
  9452 | D:8      | 9452 ||| PLANNING LAIR
  9452 | D:8      | 9452 ||| UPGRADING to +6 ring of strength.
  9453 | D:8      | 9453 ||| READING scroll labelled OTSIG TUDD.
  9513 | Lair:1   | Entered Level 1 of the Lair of Beasts
  9529 | Lair:1   | Noticed a black mamba
  9533 | Lair:1   | 9533 ||| INVOKING Berserk.
  9541 | Lair:1   | Killed a black mamba
  9688 | Lair:1   | 9688 ||| Stepping ~*~*~tactically~*~*~ (stealth).
  9692 | Lair:1   | Noticed a cane toad
  9695 | Lair:1   | 9695 ||| INVOKING Berserk.
  9698 | Lair:1   | Killed a cane toad
  9752 | Lair:1   | Noticed a cane toad
  9757 | Lair:1   | 9757 ||| INVOKING Berserk.
  9759 | Lair:1   | Killed a cane toad
  9847 | Lair:1   | 9847 ||| Stepping ~*~*~tactically~*~*~ (stealth).
  9856 | Lair:1   | 9856 ||| INVOKING Berserk.
  9928 | Lair:1   | Noticed a black mamba
  9932 | Lair:1   | 9932 ||| INVOKING Berserk.
  9935 | Lair:1   | Killed a black mamba
  9936 | Lair:1   | Reached XP level 11. HP: 99/99 MP: 10/10
  9939 | Lair:1   | Reached skill level 10 in Fighting
 10005 | Lair:1   | 10005 ||| Stepping ~*~*~tactically~*~*~ (stealth).
 10006 | Lair:1   | 10006 ||| Stepping ~*~*~tactically~*~*~ (stealth).
 10009 | Lair:1   | 10009 ||| INVOKING Berserk.
 10196 | Lair:1   | 10196 ||| INVOKING Berserk.
 10330 | Lair:1   | 10330 ||| Stepping ~*~*~tactically~*~*~ (stealth).
 10332 | Lair:1   | 10332 ||| INVOKING Berserk.
 10336 | Lair:1   | Reached skill level 9 in Armour
 10465 | Lair:1   | 10465 ||| INVOKING Berserk.
 10608 | Lair:1   | 10608 ||| INVOKING Berserk.
 10615 | Lair:1   | Reached skill level 11 in Fighting
 10648 | Lair:1   | 10648 ||| Stepping ~*~*~tactically~*~*~ (stealth).
 10694 | Lair:1   | 10694 ||| INVOKING Berserk.
 10756 | Lair:1   | 10756 ||| Stepping ~*~*~tactically~*~*~ (stealth).
 10798 | Lair:1   | 10798 ||| INVOKING Berserk.
 11414 | Lair:1   | 11414 ||| DROPPING amulet of faith.
 11415 | Lair:1   | 11415 ||| READING scroll labelled NALYUKHO GEDYL.
 11516 | Lair:1   | 11516 ||| READING 4 scrolls of identify.
 11516 | Lair:1   | 11516 ||| IDENTIFYING bubbling puce potion
 11517 | Lair:1   | 11517 ||| DROPPING potion of degeneration.
 11569 | Lair:2   | 11569 ||| STAIRDANCE
 11577 | Lair:2   | 11577 ||| STAIRDANCE
 11596 | Lair:2   | 11596 ||| STAIRDANCE
 11625 | Lair:2   | Found a staircase to the Swamp.
 11625 | Lair:2   | Noticed a bog body
 11631 | Lair:2   | Killed a bog body
 11679 | Lair:2   | Noticed a seven-headed hydra
 11680 | Lair:2   | 11680 ||| INVOKING Brothers in Arms.
 11681 | Lair:2   | 11681 ||| INVOKING Brothers in Arms.
 11682 | Lair:2   | 11682 ||| INVOKING Brothers in Arms.
 11683 | Lair:2   | 11683 ||| INVOKING Brothers in Arms.
 11684 | Lair:2   | 11684 ||| INVOKING Brothers in Arms.
 11685 | Lair:2   | 11685 ||| INVOKING Brothers in Arms.
 11686 | Lair:2   | 11686 ||| SWAPPING to +0 flail.
 11687 | Lair:2   | 11687 ||| INVOKING Berserk.
 11688 | Lair:2   | Noticed a five-headed hydra
 11689 | Lair:2   | Killed a seven-headed hydra
 11690 | Lair:2   | Reached skill level 12 in Fighting
 11697 | Lair:2   | Killed a five-headed hydra
 11698 | Lair:2   | 11698 ||| SWAPPING to +0 war axe.
 11808 | Lair:2   | 11808 ||| INVOKING Berserk.
 11933 | Lair:2   | 11933 ||| INVOKING Berserk.
 12576 | Lair:3   | Noticed a six-headed hydra
 12577 | Lair:3   | 12577 ||| INVOKING Berserk.
 12580 | Lair:3   | Reached skill level 13 in Fighting
 12580 | Lair:3   | Reached XP level 12. HP: 115/115 MP: 11/11
 12583 | Lair:3   | Killed an eight-headed hydra
 12583 | Lair:3   | Noticed Josephine
 12586 | Lair:3   | Reached skill level 6 in Dodging
 12599 | Lair:3   | HP: 27/115 [Josephine/+0 dagger (4)]
 12600 | Lair:3   | 12600 ||| READING 6 scrolls of teleportation.
 12601 | Lair:3   | 12601 ||| DRINKING 6 potions of heal wounds.
 12603 | Lair:3   | 12603 ||| DRINKING 5 potions of heal wounds.
 12614 | Lair:3   | 12614 ||| Stepping ~*~*~tactically~*~*~ (hiding).
 12620 | Lair:3   | Killed Josephine
 12624 | Lair:3   | Reached skill level 12 in Armour
 12662 | Lair:3   | 12662 ||| Stepping ~*~*~tactically~*~*~ (stealth).
 12663 | Lair:3   | 12663 ||| Stepping ~*~*~tactically~*~*~ (stealth).
 12664 | Lair:3   | 12664 ||| Stepping ~*~*~tactically~*~*~ (stealth).
 12665 | Lair:3   | 12665 ||| Stepping ~*~*~tactically~*~*~ (stealth).
 12682 | Lair:3   | 12682 ||| Stepping ~*~*~tactically~*~*~ (stealth).
 12737 | Lair:3   | 12737 ||| FLEEEEING.
 12738 | Lair:3   | 12738 ||| FLEEEEING.
 12739 | Lair:3   | 12739 ||| FLEEEEING.
 12740 | Lair:3   | 12740 ||| FLEEEEING.
 12741 | Lair:3   | 12741 ||| FLEEEEING.
 12742 | Lair:3   | 12742 ||| FLEEEEING.
 12743 | Lair:3   | 12743 ||| FLEEEEING.
 12744 | Lair:3   | 12744 ||| FLEEEEING.
 12745 | Lair:3   | 12745 ||| FLEEEEING.
 12746 | Lair:3   | 12746 ||| FLEEEEING.
 12748 | Lair:3   | 12748 ||| Stepping ~*~*~tactically~*~*~ (stealth).
 12749 | Lair:3   | 12749 ||| INVOKING Berserk.
 12753 | Lair:3   | Reached skill level 14 in Fighting
 12778 | Lair:3   | Reached skill level 15 in Fighting
 12877 | Lair:3   | 12877 ||| Stepping ~*~*~tactically~*~*~ (stealth).
 12979 | Lair:3   | 12979 ||| Stepping ~*~*~tactically~*~*~ (stealth).
 12980 | Lair:3   | 12980 ||| Stepping ~*~*~tactically~*~*~ (stealth).
 13068 | Lair:3   | 13068 ||| Stepping ~*~*~tactically~*~*~ (stealth).
 13069 | Lair:3   | 13069 ||| INVOKING Berserk.
 13113 | Lair:3   | 13113 ||| INVOKING Berserk.
 13274 | Lair:3   | Noticed a death yak
 13281 | Lair:3   | 13281 ||| INVOKING Berserk.
 13281 | Lair:3   | Noticed a death yak
 13287 | Lair:3   | Killed a death yak
 13288 | Lair:3   | Noticed a death yak
 13291 | Lair:3   | Found a hole to the Spider Nest.
 13300 | Lair:3   | Killed a death yak
 13301 | Lair:3   | HP: 21/121 [death yak (13)]
 13302 | Lair:3   | 13302 ||| READING 5 scrolls of teleportation.
 13303 | Lair:3   | 13303 ||| DRINKING 4 potions of heal wounds.
 13405 | Lair:3   | 13405 ||| DROPPING +0 flail.
 13427 | Lair:3   | Reached XP level 13. HP: 110/127 MP: 12/12
 13468 | Lair:3   | 13468 ||| INVOKING Berserk.
 13928 | Lair:3   | 13928 ||| READING 5 scrolls of identify.
 13928 | Lair:3   | 13928 ||| IDENTIFYING grey potion
 13929 | Lair:3   | 13929 ||| DROPPING potion of invisibility.
 13977 | Lair:4   | 13977 ||| Stepping ~*~*~tactically~*~*~ (stealth).
 13991 | Lair:4   | 13991 ||| Stepping ~*~*~tactically~*~*~ (hiding).
 13992 | Lair:4   | 13992 ||| Stepping ~*~*~tactically~*~*~ (hiding).
 14004 | Lair:4   | Noticed Sonja
 14019 | Lair:4   | 14019 ||| INVOKING Berserk.
 14022 | Lair:4   | Killed Sonja
 14023 | Lair:4   | Reached skill level 16 in Fighting
 14209 | Lair:4   | 14209 ||| Stepping ~*~*~tactically~*~*~ (hiding).
 14323 | Lair:4   | 14323 ||| Stepping ~*~*~tactically~*~*~ (stealth).
 14325 | Lair:4   | 14325 ||| Stepping ~*~*~tactically~*~*~ (hiding).
 14474 | Lair:4   | Found a transporter.
 14475 | Lair:4   | Found a transporter.
 14502 | Lair:4   | Noticed qw's ghost (journeyman TrCA)
 14517 | Lair:4   | 14517 ||| READING scroll of enchant armour.
 14517 | Lair:4   | 14517 ||| ENCHANTING +1 hat.
 14531 | Lair:4   | 14531 ||| INVOKING Berserk.
 14657 | Lair:4   | You fall into a shaft and drop 1 floor!
 14657 | Lair:5   | Entered Level 5 of the Lair of Beasts
 14660 | Lair:5   | 14660 ||| Stepping ~*~*~tactically~*~*~ (stealth).
 14661 | Lair:5   | 14661 ||| Stepping ~*~*~tactically~*~*~ (stealth).
 14662 | Lair:5   | 14662 ||| INVOKING Berserk.
 14673 | Lair:5   | Reached skill level 17 in Fighting
 14680 | Lair:5   | Reached ***** piety under Trog
 14816 | Lair:5   | 14816 ||| INVOKING Brothers in Arms.
 14818 | Lair:5   | 14818 ||| SWAPPING to +0 morningstar.
 14820 | Lair:5   | 14820 ||| SWAPPING to +0 war axe.
 14821 | Lair:5   | 14821 ||| Stepping ~*~*~tactically~*~*~ (cloud).
 14827 | Lair:5   | 14827 ||| Stepping ~*~*~tactically~*~*~ (cloud).
 14828 | Lair:5   | 14828 ||| INVOKING Berserk.
 14959 | Lair:5   | 14959 ||| DROPPING ring of ice.
 14960 | Lair:5   | 14960 ||| READING scroll labelled WYECRU NUIMANK.
 14987 | Lair:4   | Found a staircase to the Slime Pits.
 14992 | Lair:4   | Noticed Snorg
 14997 | Lair:4   | 14997 ||| INVOKING Berserk.
 15002 | Lair:4   | Killed Snorg
 15405 | Lair:5   | 15405 ||| STAIRDANCE
 15437 | Lair:5   | 15437 ||| STAIRDANCE
 15439 | Lair:4   | 15439 ||| INVOKING Brothers in Arms.
 15440 | Lair:4   | 15440 ||| INVOKING Brothers in Arms.
 15441 | Lair:4   | 15441 ||| INVOKING Brothers in Arms.
 15441 | Lair:4   | HP: 28/132 [eight-headed hydra (7)]
 15442 | Lair:4   | 15442 ||| READING 6 scrolls of teleportation.
 15442 | Lair:4   | HP: 8/132 [eight-headed hydra (8)]
 15443 | Lair:4   | 15443 ||| DRINKING 3 potions of heal wounds.
 15443 | Lair:4   | Slain by an eight-headed hydra

Levels and vault maps discovered:
D:1:      sevenhm_arrival_forest_fort_small_4, layout_loops_ring,
          shapermc_ecumenical_altar_pompeii
D:2:      layout_basic, uniq_sigmund, uniq_crazy_yiuf_cottage
D:3:      layout_loops_corners, serial_shops,
          nicolae_shop_competitors_out_of_business
D:4:      layout_rooms, minmay_liquid_box, lightli_corner_chamber
D:5:      layout_basic, biasface_ghost_orc_armoury, uniq_duvessa, uniq_menkaure,
          uniq_eustachio, uniq_pikel, uniq_ijyb, uniq_blork_the_orc
D:6:      layout_basic, minmay_temple_entry_junction,
          nicolae_ossuary_entry_ruins, dilly_guarded_unrand_morg,
          uniq_prince_ribbit1
D:7:      layout_basic
D:8:      layout_loops_cross, lair_entry_dummy, serial_shops, shop,
          solitary_fountain, nicolae_figureground_pulse
Lair:1:   layout_gridlike, serial_rivers, chequers_serial_rivers_micro_b,
          chequers_serial_rivers_small_b, chequers_serial_rivers_micro_b,
          chequers_serial_rivers_large_b, grunt_megastairs_2
Lair:2:   layout_misc_corridors, skrybe_swamp_entry_bodies
Lair:3:   layout_misc_corridors, spider_nest_entry_web_field,
          serial_bayou_shore_a, grunt_megastairs_3, uniq_josephine
Lair:4:   layout_gridlike, slime_entry_1, gammafunk_ghost_hive, uniq_sonja,
          uniq_snorg
Lair:5:   evilmike_catoblepas_cave, layout_regular_city,
          portal_ice_cave_entry_ice_simulacra, dreamdust_wasp_nest,
          grunt_megastairs_4

Skill      XL: |  1  2  3  4  5  6  7  8  9 10 11 12 13 |
---------------+----------------------------------------+-----
Axes           | 4 5 7 8 9 10 12 14 16 | 16.1
Fighting       | 4 6 7 8 9 13 15 17 | 17.0
Armour         | 3 4 6 8 11 13 14 | 14.6
Dodging        | 3 5 7 8 |  8.1

Action                   |  1- 3 |  4- 6 |  7- 9 | 10-12 | 13-15 || total
-------------------------+-------+-------+-------+-------+-------++-------
Melee: Hand axe          |    81 |    93 |   176 |       |       ||   350
       Headbutt          |     9 |    14 |    46 |    70 |    29 ||   168
       Punch             |     2 |       |     4 |     6 |       ||    12
       Kick              |       |     8 |    63 |   126 |    44 ||   241
       War axe           |       |       |    71 |   388 |   113 ||   572
       Flail             |       |       |       |     6 |       ||     6
Invok: Berserk           |     2 |     4 |     8 |    25 |     6 ||    45
       Brothers in Arms  |       |       |       |     1 |     1 ||     2
  Use: Scroll            |     4 |     6 |    10 |     5 |     4 ||    29
       Potion            |     1 |     5 |       |     4 |     1 ||    11
Armor: Animal skin       |     8 |       |       |       |       ||     8
       Leather armour    |     9 |     1 |       |       |       ||    10
       Ring mail         |       |    12 |       |       |       ||    12
       Chain mail        |       |    20 |    74 |    10 |       ||   104
       Plate armour      |       |       |       |   164 |    72 ||   236
Dodge: Dodged            |    46 |    23 |    64 |   174 |    76 ||   383

Table legend:
 A = Non-vault XP
 B = Vault XP
 C = Vault XP percentage of total XP
 D = Non-vault monster count
 E = Vault monster count
 F = Vault count percentage of total count
                 A         B        C        D         E       F
            +---------+---------+-------+---------+---------+-------
      Total |   45314 |   10634 |  19.0 |     278 |      51 |  15.5
            +---------+---------+-------+---------+---------+-------
        D:1 |      38 |       0 |   0.0 |      22 |       0 |   0.0
        D:2 |      66 |     258 |  79.6 |      23 |       2 |   8.0
        D:3 |     176 |       0 |   0.0 |      19 |       0 |   0.0
        D:4 |     290 |       0 |   0.0 |      22 |       0 |   0.0
        D:5 |     727 |    1309 |  64.3 |      21 |       7 |  25.0
        D:6 |     678 |     794 |  53.9 |      12 |       8 |  40.0
        D:7 |    1322 |       0 |   0.0 |      19 |       0 |   0.0
        D:8 |    1313 |       0 |   0.0 |      23 |       0 |   0.0
     Lair:1 |    8553 |     508 |   5.6 |      31 |       2 |   6.1
     Lair:2 |    4202 |     709 |  14.4 |      15 |       1 |   6.2
     Lair:3 |   13897 |    3977 |  22.3 |      41 |      13 |  24.1
     Lair:4 |    7883 |    2136 |  21.3 |      22 |       3 |  12.0
     Lair:5 |    6169 |     298 |   4.6 |       8 |       1 |  11.1
    Ossuary |       0 |     645 | 100.0 |       0 |      14 | 100.0
            +---------+---------+-------+---------+---------+-------
